[Event "14th BPB Limburg Open 2022"]
[Site "Maastricht"]
[Date "2022.06.03"]
[Round "1.1"]
[White "Warmerdam, Max"]
[Black "Van Dijk, Harold"]
[Result "1-0"]
[ECO "A57"]
[WhiteElo "2614"]
[BlackElo "2253"]
[Annotator "TA"]
[PlyCount "101"]
[EventDate "2022.06.03"]
[EventType "swiss"]
[EventCountry "NED"]
[SourceTitle "playchess.com"]
[Source "ChessBase"]
[SourceQuality "1"]
[TimeControl "7200+15"]

1. d4 Nf6 2. c4 c5 3. d5 b5 4. cxb5 a6 5. e3 e6 6. Nc3 exd5 7. Nxd5 Bb7 8. Nxf6+ {[%emt 0:01:03] A57: Benko/Volga Gambit.} Qxf6 9. Nf3 Bd6 10. Bd2 {[%emt 0:12:54] White is slightly better.} O-O 11. Bc3 Qe7 {[%emt 0:00:33] [#]} 12. b6 $146 {[%emt 0:08:35] Against Bc7} ({Predecessor:} 12. Bc4 axb5 13. Bxb5 Nc6 14. O-O Rab8 15. Qd3 Nb4 16. Bxb4 Bxf3 17. gxf3 Bxh2+ 18. Kxh2 {0-1 (49) Evengroen,H (1968)-Hendriks,W (2422) Dieren 2012}) 12... Nc6 13. Bc4 $36 {[%emt 0:10:20][%mdl 2048] Black is under strong pressure.} Ne5 14. Bd5 Rab8 15. Bxb7 Rxb7 {[%emt 0:02:45] [#]} 16. Qd5 $1 Nxf3+ 17. gxf3 Rxb6 18. O-O-O Qe6 19. f4 f6 20. h4 (20. Rhg1 {keeps more tension.} Rf7 21. h4 f5 22. h5) 20... Qxd5 21. Rxd5 Kf7 22. f5 Rc6 23. h5 h6 24. Kc2 Rb8 25. Rhd1 Ke7 26. Rg1 Kf7 27. f4 {[%emt 0:15:31] Hoping for Rgd1.} Rb7 28. Rgd1 {[%emt 0:00:39] White is more active.} Ke7 29. R5d2 c4 ({Black should try} 29... Bb8) 30. Rg2 $16 Kf7 31. Rgd2 Ke7 32. Rg1 Kf7 {[%emt 0:00:12] [#]} 33. Rdg2 (33. Rg6 $142 $1) 33... Bf8 34. e4 Rb5 (34... Rd6 $142) 35. Rg6 d6 (35... Rbb6 $142 36. e5 Rb5) 36. e5 ({White should play} 36. a4 $18 Rb7 37. e5 dxe5 38. fxe5) 36... dxe5 37. fxe5 Rd5 38. R1g4 a5 39. a4 Ke7 40. Re4 {[%emt 0:01:19] exf6+ is the strong threat.} Kd7 $2 {[%emt 0:03:49] This move loses the game for Black.} (40... Kf7 $16 {keeps fighting.} 41. Re3 Be7 42. e6+ Kf8) 41. Rd4 $18 ({Don't take} 41. exf6 $6 gxf6 42. Rd4 (42. Bxf6 Rxf5 43. Rd4+ Ke8 $14) 42... Rcd6 $16) 41... Rxd4 42. Bxd4 {[%emt 0:00:30][%mdl 4096] Endgame KRB-KRB} Ke7 43. Bc3 Kf7 44. Bxa5 {[%emt 0:02:29] Strongly threatening Bc3.} Ra6 45. Bc3 Rxa4 46. exf6 gxf6 47. Rxf6+ Kg8 (47... Ke7 $142 48. Re6+ Kf7) 48. Rg6+ Kh7 49. Rc6 Ra1 $2 (49... Kg8 $18 50. Rc7 Ra1) 50. Rc8 Bd6 51. Rh8# {[%emt 0:00:02] Weighted Error Value: White=0.14 (very precise) /Black=0.37} 1-0

[Event "14th BPB Limburg Open 2022"]
[Site "Maastricht"]
[Date "2022.06.03"]
[Round "1.2"]
[White "Wild, Achim"]
[Black "Donchenko, Alexander"]
[Result "0-1"]
[ECO "A06"]
[WhiteElo "2258"]
[BlackElo "2599"]
[Annotator "TA"]
[PlyCount "50"]
[EventDate "2022.06.03"]
[EventType "swiss"]
[EventCountry "NED"]
[SourceTitle "playchess.com"]
[Source "ChessBase"]
[SourceQuality "1"]
[TimeControl "7200+15"]

1. Nf3 d5 2. e3 c5 3. b3 Nc6 4. Bb5 f6 5. Bxc6+ bxc6 {[%emt 0:00:03] [#]} 6. O-O $146 {[%emt 0:13:06] A06: Réti Opening: 1 Nf3 d5.} ({Predecessor:} 6. d4 cxd4 7. exd4 Kf7 8. O-O h5 9. c4 g5 10. Nc3 e6 11. Re1 Bd6 12. Nd2 {1-0 (52) Nakamura,H (2750)-Vidit,S (2723) Chess.com INT 2022}) 6... e5 7. d3 Bd6 8. e4 {[%emt 0:03:28] The position is equal.} Ne7 9. Nc3 Be6 10. Ba3 Ng6 11. Na4 Qe7 12. Qe1 Bg4 {[%emt 0:09:08] Black wants to play ...Bxf3.} 13. Nd2 $1 Nf4 14. f3 Bd7 15. Kh1 O-O 16. Qf2 Ne6 17. Rfe1 f5 18. Bb2 Nd4 19. Rac1 Rae8 20. c3 {[%emt 0:16:49] [#]} (20. Nf1 $15) 20... Ne6 $1 $36 {[%emt 0:01:10][%cal Oc5c4][%mdl 2048] Black is really pushing. Black is more active.} 21. Rcd1 Nf4 22. Qf1 (22. Nf1 $17) 22... c4 $19 23. dxc4 (23. bxc4 fxe4 24. dxe4) 23... fxe4 24. c5 Bb8 {[%emt 0:01:12] [#] White must now prevent ...exf3.} 25. fxe4 Bg4 {[%emt 0:01:23] Weighted Error Value: White=0.24 (precise) /Black=0.06 (flawless)} 0-1

[Event "14th BPB Limburg Open 2022"]
[Site "Maastricht"]
[Date "2022.06.03"]
[Round "1.3"]
[White "Gurevich, Mikhail"]
[Black "Baselmans, Luuk"]
[Result "1-0"]
[ECO "A28"]
[WhiteElo "2573"]
[BlackElo "2233"]
[Annotator "TA"]
[PlyCount "105"]
[EventDate "2022.06.03"]
[EventType "swiss"]
[EventCountry "NED"]
[SourceTitle "playchess.com"]
[Source "ChessBase"]
[SourceQuality "1"]
[TimeControl "7200+15"]

1. c4 e5 2. Nc3 Nf6 3. Nf3 Nc6 4. a3 g6 5. d3 Bg7 6. g3 {[%emt 0:00:08] A28: English Opening: Four Knights Variation.} O-O 7. Bg2 d5 {[%emt 0:02:57] is now debated instead of 7...d6.} 8. cxd5 {[%emt 0:01:31] The position is equal.} Nxd5 9. Bg5 {[%emt 0:01:55] [#]} Nxc3 $146 ({Predecessor:} 9... Nde7 10. O-O h6 11. Bd2 a5 12. Rc1 Nf5 13. Nb5 Nd6 14. Nxd6 cxd6 15. Qb3 Qe7 {½-½ (37) Gurevich,M (2611)-Balogh,C (2559) Plovdiv 2008}) 10. bxc3 Bf6 (10... Qe8 $15 {deserves consideration.}) 11. Bxf6 Qxf6 12. O-O Bg4 13. Rb1 Rab8 14. Qd2 Bxf3 15. Bxf3 Qd6 16. Qa2 b6 17. Rfd1 Rbd8 18. e3 Na5 19. d4 c5 20. a4 Kg7 21. Qe2 Rfe8 22. Qb5 Qf6 23. Kg2 cxd4 24. cxd4 exd4 25. Rxd4 Rxd4 26. Qxe8 Rd2 27. Rb4 Nb7 28. Rf4 Nd6 29. Rxf6 {[%emt 0:09:12] Intending Qe7 and mate.} Nxe8 $11 {[%emt 0:00:07][%mdl 4096] Endgame KRB-KRN} 30. Rc6 Rd7 31. Rc8 Nc7 32. Bc6 Re7 33. e4 Ne6 34. f4 g5 35. Kf3 gxf4 36. gxf4 Nd4+ 37. Ke3 Nxc6 38. Rxc6 {[%emt 0:00:05] KR-KR} Re6 $2 (38... f6 $11) 39. Rc7 $18 Rh6 (39... Kf8 $18 40. Rxa7 Rh6) 40. e5 (40. f5 $1 $16) 40... Rh3+ $14 41. Ke4 {[%emt 0:00:08] aiming for e6.} Rxh2 42. f5 (42. Rxa7 $14 Kg8 43. Kf5) 42... Re2+ $2 {[%emt 0:00:59][%mdl 8192] [#]} (42... Rh4+ $11 {and Black is okay.} 43. Ke3 Kf8) 43. Kf4 $1 $18 {[%emt 0:00:06] Hoping for e6.} Rf2+ {[%emt 0:00:21] [#]} 44. Kg4 $1 {[%emt 0:00:13] And now e6 would win.} h5+ 45. Kg5 {[%emt 0:01:03] White threatens f6+ and mate.} Rg2+ 46. Kxh5 Kf8 47. f6 Ke8 48. Re7+ Kd8 49. Rxf7 {[%emt 0:00:26] White mates.} Re2 50. Re7 a6 51. Kg6 b5 52. axb5 axb5 53. Kf5 {[%emt 0:00:07] Weighted Error Value: White=0.08 (flawless) /Black=0.42} 1-0

[Event "14th BPB Limburg Open 2022"]
[Site "Maastricht"]
[Date "2022.06.03"]
[Round "1.4"]
[White "Klinova, Masha"]
[Black "Dardha, Daniel"]
[Result "0-1"]
[ECO "B30"]
[WhiteElo "2257"]
[BlackElo "2561"]
[Annotator "TA"]
[PlyCount "128"]
[EventDate "2022.06.03"]
[EventType "swiss"]
[EventCountry "NED"]
[SourceTitle "playchess.com"]
[Source "ChessBase"]
[SourceQuality "1"]
[TimeControl "7200+15"]

1. e4 c5 2. Nf3 Nc6 3. Bb5 e6 4. Bxc6 bxc6 5. O-O d6 6. Re1 {[%emt 0:02:51] B30: Sicilian: 2...Nc6 3 Bb5, lines without ...g6.} Ne7 $5 {[%emt 0:03:48][%cal Bg8e7,Be7g6,Bg6f4][%mdl 4] An interesting side line.} 7. b3 Ng6 8. Bb2 {[%emt 0:00:18] The position is equal.} e5 9. c3 $1 {[%emt 0:00:05] [#]} Nf4 $146 ({Predecessor:} 9... Be7 10. d4 cxd4 11. cxd4 O-O 12. h3 Bf6 13. Nc3 Re8 14. Qd2 Bb7 15. Rad1 exd4 16. Nxd4 {1-0 (27) Bauer,T (2219)-Villalba,M (2258) Chess.com INT 2020}) 10. d4 Qf6 11. Bc1 g5 12. Bxf4 gxf4 13. dxe5 dxe5 14. Kh1 Bg4 15. Nbd2 Rg8 16. Qe2 (16. Nc4 {is more complex.} Rd8 17. Qe2 Bd6 18. Rad1) 16... Rg6 17. Nc4 Bd6 18. Nxd6+ (18. h3 $16 Bxf3 19. Qxf3) 18... Qxd6 $14 19. Rad1 Qf6 20. Rd3 (20. h3 {looks sharper.} Bh5 21. Qd3 a5 22. a4) 20... Kf8 21. Qf1 (21. h3 $14 Bh5 22. Rg1) 21... Kg7 22. h3 Be6 23. c4 Rg8 24. Red1 (24. Qe2 $1 $11 {remains equal.}) 24... Kh8 $17 25. Ne1 Qh4 $1 26. Kh2 f5 (26... Bg4 $1 $17 27. Nf3 Qh5) 27. Qe2 $11 (27. Nf3 $2 Qe7 28. Rd6 fxe4 29. Nxe5 Rxg2+ 30. Qxg2 Rxg2+ 31. Kxg2 Qg5+ 32. Ng4 Bxg4 33. Rd8+ Kg7 34. hxg4 Qxg4+ 35. Kh2 Qe2 $19) 27... f3 28. Rxf3 fxe4 $40 {[%emt 0:04:30][%mdl 128] Black is up to no good.} 29. Rg3 (29. Rc3 $5 ) 29... Rxg3 30. fxg3 Rxg3 31. Rd8+ Kg7 $1 $17 {[%emt 0:03:12][%cal Re6h3] ...Bxh3 is the strong threat.} ({Don't play} 31... Qxd8 $6 32. Kxg3 Qg5+ 33. Kh2 $11) 32. Ra8 {[%emt 0:00:12] [#]} (32. Re8 $142 Bf7 33. Ra8 (33. Rxe5 Rxh3+ 34. gxh3 Qf4+ 35. Kh1 Qxe5 $17)) 32... Bxh3 $1 33. Rxa7+ (33. Kg1 Kh6) 33... Kg6 {[%emt 0:00:35] ( -> ...Bxg2+). Chess con chili.} 34. Kg1 Bf5 (34... Qf4 $142 {[%cal Og3e3] Strongly threatening ...Re3!} 35. Rc7 Bg4) 35. Ra8 Kh6 36. Rf8 (36. Ra6 $15) 36... Bg6 37. Qf2 (37. Rf1 $142) 37... Qg5 $1 38. Rc8 {[%emt 0:02:15] [#]} e3 $2 (38... Rg4 $1 $19 {[%cal Rg4f4] aiming for ...Rf4.} 39. Rxc6 Rf4) 39. Qf8+ $11 Kh5 40. Qd8 $2 (40. a4 $11) 40... Qf5 $19 41. Qf8 Qb1 $2 (41... Bf7 $19 42. Qe7 Qf2+ 43. Kh2 Rg5 44. Qxg5+ Kxg5 45. Nf3+ Kh5) 42. Qf1 $11 Qxa2 43. Rxc6 Qxb3 (43... Qb2 $5 ) 44. Rxc5 Qc3 {[%emt 0:00:14] Active counter play!} 45. Qe2+ Kh6 46. Rc6 Qd2 47. Qf1 Qd4 48. Qe2 Rg5 49. Nf3 {[%emt 0:00:05][%csl LRd4,LRg5] Prevents Qd2.} Qa1+ (49... Qg4 $15 50. Rb6 e4) 50. Qf1 Qxf1+ 51. Kxf1 {[%emt 0:00:04][%mdl 4096] Endgame KRB-KRN} Rh5 52. Ke2 e4 53. Ne1 Rh1 54. Nc2 Kg5 55. Nxe3 Ra1 56. Kf2 Kf4 {[%emt 0:00:32] Threatens to win with ...Ra2+.} 57. Nd5+ Ke5 58. Ne7 (58. Ne3 $11) 58... Ra2+ $15 59. Kg3 Bf7 (59... Ra3+ $1 $15 60. Kg4 h5+ 61. Kh4 Bf7 62. Ng6+ Bxg6 63. Rxg6 Ra7) 60. Rh6 $11 e3 61. Rxh7 (61. Nc6+ $11 Kf5 62. Rh4) 61... Bxc4 (61... e2 $1 $15 62. Kf2 Bxc4 63. Rh5+ Ke4) 62. Rh1 $2 {[%emt 0:00:03][%mdl 8192] [#]} (62. Nc6+ $11 Kd6 63. Nd4) 62... Ke4 $2 (62... Ra6 $1 $19 {White must now prevent ...e2.} 63. Kg4 e2) 63. Ng6 ({Better is} 63. Rh4+ $1 $11 Kd3 64. Nc6) 63... Ba6 (63... e2 $15 64. Nf4 Ra3+ 65. Kf2 e1=R 66. Rxe1+ Kxf4) 64. Nf4 ({White should try} 64. Rh7 $11) 64... Ra5 {[%emt 0:00:08] Weighted Error Value: White=0.52/Black=0.37} 0-1

[Event "14th BPB Limburg Open 2022"]
[Site "Maastricht"]
[Date "2022.06.03"]
[Round "1.5"]
[White "Van Foreest, Lucas"]
[Black "Warakomska, Anna"]
[Result "1-0"]
[ECO "D13"]
[WhiteElo "2572"]
[BlackElo "2251"]
[Annotator "TA"]
[PlyCount "63"]
[EventDate "2022.06.03"]
[EventType "swiss"]
[EventCountry "NED"]
[SourceTitle "playchess.com"]
[Source "ChessBase"]
[SourceQuality "1"]
[TimeControl "7200+15"]

1. d4 d5 2. c4 c6 3. Nf3 Nf6 4. cxd5 cxd5 5. Nc3 Nc6 6. Bf4 a6 7. Rc1 Bf5 8. e3 Rc8 9. Ne5 {[%emt 0:04:22] D13: Slav Defence: Exchange variation without ...Bf5.} Nxe5 10. dxe5 Ne4 11. Nxe4 {[%emt 0:00:06] The position is equal.} Rxc1 12. Qxc1 {[%emt 0:00:49] Strongly threatening Ng3.} dxe4 13. Be2 Qa5+ 14. Kf1 {[%emt 0:00:11] [#]} (14. Qd2 $11 Qxd2+ 15. Kxd2) 14... g6 $146 ({Predecessor:} 14... Bd7 15. a3 e6 16. b4 Qb6 17. Qc4 a5 18. Qxe4 axb4 19. axb4 Bxb4 20. h4 Bc6 21. Qb1 Bc5 22. Qc2 Qb4 23. Bf3 {½-½ (23) Akobian,V (2556)-Gonzalez,R (2483) Las Vegas 2005}) 15. a3 Bg7 16. b4 Qd8 17. g4 Be6 18. Kg2 O-O 19. h3 Qc8 20. Rd1 Rd8 21. Rxd8+ Qxd8 22. Qc5 h6 23. Bc4 Qd7 24. Bxe6 Qxe6 $11 {[%emt 0:00:06][%mdl 4096] Endgame KQB-KQB} 25. b5 h5 (25... axb5 $11 26. Qxb5 g5) 26. gxh5 $16 gxh5 {[%emt 0:00:07] [#]} 27. b6 $1 Bf8 $2 {[%emt 0:06:14][%mdl 8192] This move loses the game for Black.} (27... f6 $16) 28. Qc7 $18 {[%emt 0:00:39] White is clearly winning.} Qd5 29. Qc8 Kg7 {[%emt 0:08:30] [#]} 30. Bh6+ $1 Kxh6 31. Qxf8+ Kg6 32. Qxe7 {[%emt 0:00:01] Weighted Error Value: White=0.06 (flawless) /Black=0.50} 1-0

[Event "14th BPB Limburg Open 2022"]
[Site "Maastricht"]
[Date "2022.06.03"]
[Round "1.7"]
[White "Sankalp Gupta"]
[Black "Dorst, Johannes"]
[Result "1/2-1/2"]
[ECO "E61"]
[WhiteElo "2505"]
[BlackElo "2227"]
[Annotator "TA"]
[PlyCount "68"]
[EventDate "2022.06.03"]
[EventType "swiss"]
[EventCountry "NED"]
[SourceTitle "playchess.com"]
[Source "ChessBase"]
[SourceQuality "1"]
[TimeControl "7200+15"]

1. Nf3 Nf6 2. e3 c5 3. c4 g6 4. d4 Bg7 5. Nc3 O-O 6. d5 e6 {[%emt 0:04:40] E61: King's Indian: Early deviations for White, including Smyslov System.} 7. Bd3 exd5 8. cxd5 d6 9. h3 {[%emt 0:00:16] was the old line (9.0-0).} Na6 10. O-O Nc7 11. e4 b5 12. Nxb5 (12. a3 $14) 12... Nxb5 $15 13. Bxb5 Nxe4 14. Qa4 {[%emt 0:04:15] [#]} Rb8 $146 ({Predecessor:} 14... Nf6 15. Bc6 Bd7 16. Bf4 Nxd5 17. Bg5 Bxc6 18. Qxc6 Nb4 19. Qa4 Qe8 20. Qb3 Qd7 {½-½ (30) Schwierskott,M (2234)-Steiger,W (2280) Germany 2012}) 15. Bc6 ({White should play} 15. Re1 $15 f5 16. Re2) 15... Rb4 $17 16. Qxa7 f5 $1 (16... Bxb2 $6 17. Rb1 Bxc1 18. Rxb4 (18. Rfxc1 Rxb1 19. Rxb1 Qf6 $11) 18... cxb4 19. Rxc1 $11) 17. a3 $2 (17. Re1 $17 {is tougher.}) 17... Rb3 $19 18. Qa4 {[%emt 0:27:12] [#]} (18. Ne1 {was necessary.} Qb6 19. Qxb6 Rxb6 20. Nd3) 18... Rxf3 $1 19. gxf3 Ng5 (19... Qh4 $19 20. Qd1 (20. fxe4 Qxh3 21. Bf4 Qg4+ 22. Bg3 Bd4 $19) 20... Ng3) 20. Kg2 $2 (20. Bxg5 $11 Qxg5+ 21. Kh1) 20... f4 $1 21. Rh1 Nxh3 (21... Bd4 $19 22. Bd2 (22. h4 $2 Bh3+ 23. Rxh3 Nxh3 $19) 22... Nxh3) 22. Rxh3 $11 Bxh3+ 23. Kxh3 Qg5 {[%emt 0:02:02] [#]} ({Black should try} 23... Bd4 $1 $11 24. Bd2 Bxf2) 24. Qd1 $2 {[%emt 0:05:46] [#]} (24. Bd2 $1 $16 {[%cal Rd2c3] is forced if you want to stay better.}) 24... Bd4 (24... Qe7 $1 $19 {Hoping for ...Rf5.} 25. Kg2 (25. Qg1 $2 Rf5 $19) 25... Rf5) 25. Qe1 $1 Rf5 26. Bd7 $1 Re5 {[%emt 0:14:14] ( -> ...Qh5+)} 27. Qf1 Qh5+ 28. Kg2 Rg5+ 29. Bg4 Rxg4+ {[%emt 0:00:09] The position is equal.} 30. fxg4 Qxg4+ 31. Kh1 $1 Qh4+ 32. Kg2 {[%emt 0:00:26] aiming for Qe2.} Qg4+ 33. Kh1 $1 Qh4+ 34. Kg2 {[%emt 0:00:05] Strongly threatening Qe2.} Qg4+ $1 {[%emt 0:04:43] Quite a comeback for White.  Weighted Error Value: White=0.73/Black=0.40} 1/2-1/2

[Event "14th BPB Limburg Open 2022"]
[Site "Maastricht"]
[Date "2022.06.03"]
[Round "1.8"]
[White "Pham, Khoi"]
[Black "Zwirs, Nico"]
[Result "0-1"]
[ECO "B60"]
[WhiteElo "2291"]
[BlackElo "2468"]
[Annotator "TA"]
[PlyCount "106"]
[EventDate "2022.06.03"]
[EventType "swiss"]
[EventCountry "NED"]
[SourceTitle "playchess.com"]
[Source "ChessBase"]
[SourceQuality "1"]
[TimeControl "7200+15"]

1. e4 c5 2. Nf3 d6 3. d4 cxd4 4. Nxd4 Nf6 5. Nc3 a6 6. Bg5 Nc6 7. Bxf6 gxf6 8. Nxc6 {[%emt 0:08:55] B60: Sicilian: Richter-Rauzer: Unusual Black 6th moves and 6...Bd7 without 7 Qd2.} bxc6 9. Bc4 Qa5 {[%emt 0:00:00] Prevents Qh5.} 10. Qe2 {[%emt 0:12:41] White is slightly better.} h5 11. Bb3 {[%emt 0:08:40] [#]} Bd7 $146 ({Predecessor:} 11... e6 12. O-O-O Be7 13. f4 Bd7 14. Rhe1 h4 15. Kb1 f5 16. Qd3 fxe4 17. Qxe4 Rb8 {0-1 (50) Zakhartsov,V (2023)-Moskwinski,T (2161) Warsaw 2008}) 12. O-O-O h4 13. f4 Rb8 14. Qc4 e6 15. Qd4 Be7 16. Rhe1 Qb6 17. Qd3 Rg8 18. Qh3 (18. Re2 $16) 18... Qf2 (18... c5 $5 ) 19. Rf1 Qxg2 20. Qe3 Qxh2 {[%emt 0:00:00] [#]} (20... Kf8 $1 $11 {remains equal.}) 21. Ne2 $1 $16 {[%emt 0:00:08] Strongly threatening Rh1.} Rg2 (21... Bd8 $142) 22. Bc4 {[%emt 0:00:59] Threatens to win with Rh1.} d5 (22... Rg3 $16 {keeps fighting.} 23. Qa7 Rd8) 23. Rh1 $18 {[%emt 0:01:24][%mdl 64] Skewer} Rxe2 24. Bxe2 Qg3 25. Qxg3 hxg3 {[%emt 0:00:00] [#]} 26. Rh8+ $1 {[%emt 0:22:45][%mdl 64] Skewer} (26. Bxa6 Bd6 27. Rh4 Ke7 28. exd5 cxd5 $17) 26... Bf8 27. exd5 {[%emt 0:00:00] Black must now prevent d6.} (27. Bxa6 Ra8 28. Bd3 Rxa2 $14) 27... cxd5 28. Rg1 ({But not} 28. Bxa6 $6 Ra8 29. Bd3 e5 $11) 28... a5 29. Rxg3 Ke7 30. Bh5 e5 (30... f5 {was worth a try.} 31. Rh7 Kd6) 31. Rh7 exf4 32. Rxf7+ Ke6 33. Rg8 Bd6 34. Rxb8 Bxb8 {[%emt 0:00:00][%mdl 4096] Endgame KRB-KB} 35. Rf8 Bc7 36. Kd2 Ke7 (36... Be5 $16 37. b3 Bc6) 37. Rf7+ Ke6 38. Rg7 {[%emt 0:00:00] And now Bg4+ would win.} Kd6 39. Bg4 ({White should play} 39. Bf3 $18) 39... f5 (39... Be8 $16 {was called for.} 40. Ke2 Bb6) 40. Bf3 Be6 41. Kd3 Bb6 42. Bh5 {[%emt 0:00:00] aiming for Bf7.} Bc5 $2 (42... d4 43. Bf3 Bc5) 43. c3 {[%emt 0:00:00] Hoping for Bf7.} Bd7 44. Bf7 $4 (44. Bf3 $18) 44... Bb5+ $19 45. Kd2 $2 (45. Kc2 f3 46. Rg5) 45... Be3+ 46. Kd1 f3 {[%emt 0:00:03] ( -> ...f2)} 47. Bh5 f2 48. Be2 f1=Q+ {[%emt 0:00:02][%mdl 64] X-Ray Attack} 49. Bxf1 Bxf1 50. b4 axb4 {[%emt 0:00:06] Black mates.} 51. cxb4 Bb5 52. Rb7 Bc4 53. a4 f4 {[%emt 0:00:06] Weighted Error Value: White=0.58/Black=0.25 (precise)} 0-1

[Event "14th BPB Limburg Open 2022"]
[Site "Maastricht"]
[Date "2022.06.03"]
[Round "1.9"]
[White "Roebers, Eline"]
[Black "Van Cappellen, Jonas"]
[Result "1/2-1/2"]
[ECO "B31"]
[WhiteElo "2369"]
[BlackElo "2208"]
[Annotator "TA"]
[PlyCount "50"]
[EventDate "2022.06.03"]
[EventType "swiss"]
[EventCountry "NED"]
[SourceTitle "playchess.com"]
[Source "ChessBase"]
[SourceQuality "1"]
[TimeControl "7200+15"]

1. e4 c5 2. Nf3 Nc6 3. Bb5 g6 4. O-O Bg7 5. c3 Nf6 6. Re1 O-O 7. d4 d5 $1 {[%emt 0:00:30][%mdl 4] outshines the older 7...cxd4.} 8. e5 Ne4 9. h3 Qb6 {[%emt 0:00:37] B31: Sicilian: 2...Nc6 3 Bb5 g6.} 10. Na3 cxd4 11. cxd4 Bf5 {[%emt 0:03:00] [#]} 12. Bd3 $146 ({Predecessor:} 12. Be3 Rac8 13. Re2 a6 14. Bxc6 Rxc6 15. Ne1 Qa5 16. Nac2 f6 17. Nd3 Rfc8 18. Ncb4 {½-½ (30) Tisdall,J (2420)-Gullaksen,E (2364) Oslo 2011}) 12... Rfd8 (12... Rad8 $5 ) 13. Be3 Qxb2 14. Nb5 {[%emt 0:00:28] [#]} Nd2 $1 {[%emt 0:15:47] Prevents Rb1.} 15. Bxf5 Nxf3+ (15... gxf5 $2 16. Qxd2 Qxb5 17. Bh6 $16) 16. Qxf3 {[%emt 0:03:46] Strongly threatening Reb1.} Qxb5 17. Bc2 Qb2 18. Qd1 Rac8 19. Rb1 Qxa2 (19... Qc3 {seems wilder.} 20. Rb3 Qa5 21. Rxb7 e6) 20. Rxb7 {[%emt 0:04:34] [#]} ({Better is} 20. Ba4 $1 $11) 20... Nxe5 $1 $15 21. dxe5 {[%emt 0:08:21] Bb3 is the strong threat.} (21. Rxe7 Qxc2) 21... Qxc2 ({Of course not} 21... Rxc2 22. Rxa7 Qc4 23. Rxe7 $14) 22. Rxe7 Qxd1 ({Black should try} 22... d4 $1 $15 23. Qf3 (23. Bxd4 $2 Kf8 $19) 23... Qb3) 23. Rxd1 $11 {[%emt 0:00:03] The position is equal.} Kf8 24. Rxa7 Bxe5 25. Ra5 Bf6 {[%emt 0:05:47] Weighted Error Value: White=0.17 (very precise) /Black=0.09 (flawless)} 1/2-1/2

[Event "14th BPB Limburg Open 2022"]
[Site "Maastricht"]
[Date "2022.06.03"]
[Round "1.10"]
[White "Bomans, Arno"]
[Black "Ondersteijn, Niels"]
[Result "1-0"]
[ECO "A45"]
[WhiteElo "2241"]
[BlackElo "2376"]
[Annotator "TA"]
[PlyCount "71"]
[EventDate "2022.06.03"]
[EventType "swiss"]
[EventCountry "NED"]
[SourceTitle "playchess.com"]
[Source "ChessBase"]
[SourceQuality "1"]
[TimeControl "7200+15"]

1. d4 Nf6 2. Bg5 c5 3. Bxf6 gxf6 4. d5 Qb6 5. Qc1 f5 6. c4 Bg7 7. Nc3 {[%emt 0:00:10] A45: Trompowsky Attack.} d6 8. e3 Qa5 {[%emt 0:01:54] [#]} 9. Nf3 $146 {[%emt 0:02:39] White is slightly better.} ({Predecessor:} 9. Bd3 Nd7 10. Nf3 e6 11. O-O a6 12. e4 Bxc3 13. bxc3 fxe4 14. Bxe4 Nf6 15. Re1 {½-½ (40) Doric,D (2470)-Badev,K (2302) Zadar 2007}) 9... a6 10. Be2 Nd7 11. O-O Nf6 12. Qc2 Bd7 13. Nh4 b5 (13... e6 $142) 14. Nxf5 $16 {[%emt 0:03:18] White is more active.} Bxf5 15. Qxf5 bxc4 16. Bxc4 Rb8 17. Rac1 (17. Rab1 $18 {is more deadly.}) 17... h5 (17... Rxb2 $16 18. Qc8+ Qd8 19. Qxa6 O-O) 18. Rc2 $18 h4 19. Be2 Nd7 {[%emt 0:06:27] [#]} 20. Ne4 $1 Bxb2 (20... Qb6 $142 21. Qg4 Bf6) 21. Ng5 (21. Rb1 $142 Bg7 22. Rxb8+ Nxb8 23. Ng5) 21... Bf6 {[%emt 0:05:36] [#]} 22. Nxf7 Kxf7 23. Qxd7 Rb4 24. Qf5 {[%emt 0:02:44] aiming for g4.} Qa4 (24... Ke8 $142 25. Bg4 Qc7) 25. a3 {[%emt 0:04:55] Dancing on a razor blade.} ({Don't play} 25. Bd3 $6 Qe8 26. Bxa6 (26. a3 Ra4 $16) 26... Kg7 $16) 25... Re4 (25... Qxa3 $142 26. Bh5+ (26. Bd3 Ke8 $16) 26... Kf8) 26. Bh5+ ({But not} 26. Bd3 Re5 27. Qg6+ Kf8) 26... Kf8 $2 (26... Rxh5 27. Qxh5+ Kg7) 27. Rb2 {[%emt 0:00:25] Threatening mate with Rb8+.} Rh6 28. Bd1 $2 (28. Rb8+ {mates} Kg7 29. f4 Qd7 30. Qxd7 Rxh5 31. Qe8 Rxd5 32. f5 Rxf5 33. Rxf5) 28... Qc4 $2 (28... Qe8 29. Qxe4 Bxb2 30. Qf4+ Kg7 31. Qg5+ Rg6 32. Qxh4 Rh6 33. Qg5+ Rg6) 29. Be2 Qa4 30. Rb8+ Kf7 31. Qc8 Bg7 32. Bd1 (32. f4 $142 Qd4 33. exd4 Rxe2 34. dxc5 h3 35. g3 Kf6 36. cxd6 Rh8 37. d7) 32... Qc4 33. Qf5+ Bf6 34. Bb3 (34. f4 $142 Kg7 35. Bh5 Rxf4 36. Rxf4 Rxh5 37. Qxh5 (37. Rxc4 Rxf5 38. Rb6 Bg5 $16) 37... Qc1+ 38. Rf1 Qxe3+ 39. Kh1) 34... Qd3 35. Rd1 Rxe3 {[%emt 0:00:16] ( -> ...Qxd1+)} 36. Qxd3 {[%emt 0:00:23] Weighted Error Value: White=0.67/Black=0.97} (36. Rxd3 $2 Re1#) 1-0